 Dungeon Crawl Stone Soup version 0.28-a0-628-g3c9886e45e (webtiles) character file.

Game seed: 9773193827963699241

3654 mordus the Cleaver (level 10, 0/77 HPs)
             Began as a Hill Orc Fighter on Oct 8, 2021.
             Slain by a killer bee (4 damage)
             ... on level 9 of the Dungeon.
             The game lasted 00:10:32 (11297 turns).

mordus the Cleaver (Hill Orc Fighter)              Turns: 11297, Time: 00:10:33

Health: 0/77       AC:  7    Str: 23    XL:     10   Next: 12%
Magic:  10/10      EV: 11    Int:  8    God:
Gold:   332        SH:  0    Dex: 10    Spells: 9/9 levels left

rFire   . . .      SeeInvis .   y - +3 battleaxe
rCold   . . .      Faith    .   (shield currently unavailable)
rNeg    + . .      Spirit   .   q - +2 leather armour {rN+}
rPois   .          Reflect  .   G - +0 helmet
rElec   .          Harm     .   v - scarf {repulsion}
rCorr   .          Rampage  .   (no gloves)
Will    +....                   (no boots)
Stlth   +.........              (no amulet)
HPRegen 0.22/turn               p - ring of willpower
MPRegen 0.12/turn               (no ring)

@: lethally poisoned (0 -> -4), repel missiles
A: no striking features
a: no special abilities


You were on level 9 of the Dungeon.
You visited 2 branches of the dungeon, and saw 10 of its levels.

You collected 332 gold pieces.

Inventory:

Hand Weapons
 a - a +0 war axe
 y - a +3 battleaxe (weapon)
Armour
 b - a +0 scale mail
 c - a +0 buckler
 k - a +1 chain mail
 q - a +2 leather armour of positive energy (worn)
 v - a scarf of repulsion (worn)
 G - a +0 helmet (worn)
Jewellery
 p - a ring of willpower (left hand)
Wands
 x - a wand of flame (21)
 B - a wand of iceblast (10)
 F - a wand of mindburst (14)
Scrolls
 f - 3 scrolls of vulnerability
 g - 9 scrolls of identify
 h - 2 scrolls of magic mapping {unknown}
 o - 2 scrolls of amnesia
 t - a scroll of noise {unknown}
 u - a scroll of teleportation {unknown}
 D - a scroll of enchant armour
 E - a scroll of immolation {unknown}
Potions
 d - 2 potions of might
 e - a potion of ambrosia {unknown}
 i - 4 potions of brilliance {unknown}
 j - a potion of curing
 l - a potion of degeneration {unknown}
 m - 3 potions of lignification {unknown}
 r - a potion of haste {unknown}
 w - 2 potions of mutation {unknown}
 z - a potion of invisibility {unknown}
 A - a potion of magic {unknown}
 C - a potion of attraction {unknown}


   Skills:
 - Level 3.6 Fighting
 * Level 14.0 Axes
 + Level 9.0 Armour
 - Level 6.8 Shields


You had 9 spell levels left.
You didn't know any spells.
Your spell library contained the following spells:

 Spells                   Type           Power      Damage    Failure   Level
 Animate Skeleton         Necr           0%         N/A       43%         1
 Apportation              Tloc           0%         N/A       43%         1
 Summon Small Mammal      Summ           0%         N/A       43%         1
 Conjure Flame            Conj/Fire      0%         6-21      82%         3
 Ignite Poison            Fire/Tmut/Pois 0%         N/A       82%         3
 Sticky Flame             Conj/Fire      0%         2d3       99%         4


Dungeon Overview and Level Annotations

Branches:
Dungeon (9/15)             Temple (1/1) D:7
   Lair: D:8-11         Orc: D:9-12

Altars:
Ashenzari
Cheibriados
Fedhas
Gozag
Hepliaklqana
Kikubaaqudgha
Makhleb
Nemelex Xobeh
Okawaru
Qazlal
Ru
Sif Muna
Trog
Vehumet
Wu Jian
Xom
Yredelemnul
Zin
The Shining One

Shops:
D:2 [   D:7 =

Annotations:
D:3 1 runed translucent door, SirDiesAlot's ghost, amateur MiDe


Message History

You completely miss the killer bee.
The killer bee is heavily wounded.
You feel sick. The killer bee stings you!
* * * LOW HITPOINT WARNING * * *
The killer bee barely misses you.
You feel better. The killer bee stings you.
* * * LOW HITPOINT WARNING * * *
The killer bee closely misses you.
You slash the killer bee!
You kill the killer bee!
Your Axes skill increases to level 14!
Sorry, you're not good enough to have a special ability.
You feel better. The kobold barely misses you.
You barely miss the kobold. The kobold hits you but does no damage.
You slice the kobold!!
You kill the kobold!
The killer bee stings you.
* * * LOW HITPOINT WARNING * * *
You closely miss the killer bee. The killer bee stings you.
* * * LOW HITPOINT WARNING * * *
You are poisoned.
The killer bee poisons you! The killer bee closely misses you.
You miss the killer bee.
You feel sick.
The killer bee stings you but does no damage.
The killer bee barely misses you.
You barely miss the killer bee.
You feel sick. The killer bee barely misses you.
The killer bee completely misses you.
You feel better. The killer bee stings you.
* * * LOW HITPOINT WARNING * * *
You are poisoned.
The killer bee poisons you!
The killer bee stings you but does no damage.
You closely miss the killer bee.
You feel sick. The killer bee barely misses you. The killer bee stings you.
* * * LOW HITPOINT WARNING * * *
You hit the killer bee.
The killer bee is lightly wounded.
* * * LOW HITPOINT WARNING * * *
You feel sick. The killer bee stings you.
You die...

##....... #..^..... .
##.......) ..
.##........ ..
#........).. . ..
###..####...##. #..#.
###...# ###.###
<.....#####...### #..#
......)KKy@.....### #.##
......#####)###...####.#
......y................#
....[...####......######
... .. #.......)..# ..
#......###....# .
..........# ###.#
...........# #
..............


You could see a kobold brigand, a killer bee and a kobold.

Vanquished Creatures
  A centaur zombie (D:8)
  Prince Ribbit (D:7)
  Duvessa (D:7)
  A water moccasin (D:5)
  An orc warrior (D:7)
  A black bear (D:6)
  2 sky beasts
  A necrophage (D:6)
  3 ogres
  4 centaurs
  A phantom (D:6)
  Blork the orc (D:4)
  2 bullfrogs
  A gnoll sergeant (D:8)
  3 scorpions
  5 killer bees (D:9)
  12 wights
  A hound (D:5)
  4 jellies
  2 iguanas
  2 orc wizards
  A hound zombie (D:5)
  3 hound skeletons
  11 gnolls
  5 adders
  2 river rats (D:3)
  3 shadow imps
  2 white imps
  A dart slug (D:4)
  17 orcs
  9 endoplasms
  5 giant cockroaches
  4 goblins
  7 hobgoblins
  3 jackals (D:4)
  6 quokkas
  2 ball pythons
  8 bats
  A frilled lizard (D:1)
  10 kobolds
  10 rats
160 creatures vanquished.

Vanquished Creatures (others)
  5 dream sheep (D:5)
  Dowan (D:7)
6 creatures vanquished.

Grand Total: 166 creatures vanquished

Notes
Turn   | Place    | Note
-------+----------+-------------------------------------------
     0 | D:1      | mordus the Hill Orc Fighter began the quest for the Orb.
     0 | D:1      | Reached XP level 1. HP: 19/19 MP: 1/1
    24 | D:1      | Reached skill level 3 in Axes
    60 | D:1      | Reached XP level 2. HP: 26/26 MP: 2/2
   710 | D:1      | Reached XP level 3. HP: 31/31 MP: 3/3
  1224 | D:2      | Found a faded altar of an unknown god.
  1231 | D:2      | Reached skill level 4 in Axes
  1477 | D:2      | Reached XP level 4. HP: 28/39 MP: 4/4
  1681 | D:2      | Found Elustreji's Armour Shoppe.
  2153 | D:3      | Found a runed translucent door.
  2897 | D:3      | Reached skill level 5 in Axes
  2902 | D:3      | Reached XP level 5. HP: 18/45 MP: 5/5
  3130 | D:3      | Noticed SirDiesAlot's ghost (amateur MiDe)
  3146 | D:4      | Noticed Blork the orc
  3158 | D:4      | Killed Blork the orc
  3284 | D:4      | Found a bloodstained altar of Trog.
  3781 | D:4      | Reached skill level 6 in Axes
  3781 | D:4      | Reached XP level 6. HP: 32/51 MP: 6/6
  4017 | D:4      | Found a broken altar of Ashenzari.
  4525 | D:5      | Entered Level 5 of the Dungeon
  4669 | D:5      | Reached skill level 5 in Armour
  4669 | D:5      | Reached skill level 5 in Shields
  4670 | D:5      | Reached skill level 7 in Axes
  4670 | D:5      | Reached XP level 7. HP: 31/57 MP: 7/7
  5201 | D:5      | Noticed a dream sheep
  5201 | D:5      | Noticed a dream sheep
  5201 | D:5      | Noticed a dream sheep
  5201 | D:5      | Noticed a dream sheep
  5201 | D:5      | Noticed a dream sheep
  5201 | D:5      | Found a shimmering altar of Xom.
  5206 | D:5      | Killed a dream sheep
  5207 | D:5      | Killed a dream sheep
  5207 | D:5      | Killed a dream sheep
  5207 | D:5      | Killed a dream sheep
  5207 | D:5      | Killed a dream sheep
  5681 | D:5      | Reached skill level 8 in Axes
  5908 | D:5      | Reached XP level 8. HP: 51/64 MP: 8/8
  6359 | D:5      | Found a shimmering blue altar of Sif Muna.
  6452 | D:6      | Reached skill level 9 in Axes
  6462 | D:6      | Found a stormy altar of Qazlal.
  6678 | D:6      | Found an ornate altar of the Wu Jian Council.
  6918 | D:6      | Found a burning altar of Makhleb.
  7169 | D:7      | Noticed Dowan
  7171 | D:7      | Noticed Duvessa
  7180 | D:7      | Killed Dowan
  7184 | D:7      | Killed Duvessa
  7185 | D:7      | Reached skill level 10 in Axes
  7453 | D:7      | Found Laelemp's Jewellery Boutique.
  7489 | D:7      | Found a sparkling altar of Nemelex Xobeh.
  7928 | D:7      | Found a staircase to the Ecumenical Temple.
  7955 | D:7      | Reached XP level 9. HP: 28/70 MP: 9/9
  8219 | D:7      | Reached skill level 11 in Axes
  8470 | D:7      | Noticed Prince Ribbit
  8478 | D:7      | Killed Prince Ribbit
  8803 | D:7      | Reached skill level 12 in Axes
  9299 | D:8      | HP: 2/64 [bullfrog (4)]
  9854 | D:8      | Reached skill level 13 in Axes
 10259 | D:8      | Found an opulent altar of Gozag.
 10587 | Temple   | Entered the Ecumenical Temple
 11000 | D:8      | Reached XP level 10. HP: 77/77 MP: 10/10
 11289 | D:9      | Reached skill level 14 in Axes
 11297 | D:9      | Slain by a killer bee

Illustrated notes

Levels and vault maps discovered:
D:1:      nzn_arrival_crosshair, layout_basic, minmay_tetromino_o2
D:2:      layout_basic, basic_ecumenical_altar, serial_shops,
          nicolae_shop_crystal
D:3:      layout_basic, ebering_ghost_sewer_d, portal_sewer_entry_e
D:4:      layout_cave_pods, mainiacjoe_overflow_brackets,
          trog_three_pillars_becter, kennysheep_decorative_pillar,
          uniq_blork_the_orc
D:5:      layout_loops_corners, kb_xom_exploding_sheep, lemuel_blue_sif_altar
D:6:      layout_loops_cross, nicolae_wu_jian_wuxing_cycle,
          mainiacjoe_overflow_boulevard, kennysheep_mini_moat
D:7:      layout_basic, mainiacjoe_overflow_six_doors_small,
          minmay_temple_entry_sparse_star, serial_shops, shop_fountains,
          uniq_prince_ribbit1, uniq_duvessa
D:8:      layout_loops_corners, kennysheep_mini
D:9:      layout_rooms, minivault_12, uniq_pikel
Temple:   eino_wide_crystal_templ

Skill      XL: |  1  2  3  4  5  6  7  8  9 10 |
---------------+-------------------------------+-----
Axes           | 3 4 5 6 7 8 10 13 14 | 14.0
Armour         | 4 5 7 8 9 |  9.0
Shields        | 4 5 6 |  6.8
Fighting       | |  3.6

Action                   |  1- 3 |  4- 6 |  7- 9 | 10-12 || total
-------------------------+-------+-------+-------+-------++-------
Melee: War axe           |    92 |   142 |   137 |       ||   371
       Battleaxe         |       |       |   123 |    34 ||   157
  Use: Scroll            |       |     8 |       |       ||     8
       Potion            |       |       |     1 |     5 ||     6
Armor: Scale mail        |    50 |       |       |       ||    50
       Leather armour    |       |    40 |    70 |    10 ||   120
Dodge: Dodged            |    39 |    72 |   170 |    34 ||   315
       Repelled          |       |       |     1 |       ||     1
Block: Buckler           |    18 |    37 |    36 |       ||    91

Table legend: (Time is in decaauts)
 A = Elapsed time spent in this place.
 B = Non-inter-level travel time spent in this place.
 C = Inter-level travel time spent in this place.
 D = Time resting spent in this place.
 E = Time spent auto-exploring this place.
 F = Levels seen in this place.
 G = Mean time per level.
                   A        B        C        D        E       F      G
               +--------+--------+--------+--------+--------+-----+--------+
         Total |  11386 |  11191 |    195 |   2958 |   6782 |  10 | 1138.6 |
       Dungeon |  11312 |  11118 |    194 |   2958 |   6738 |   9 | 1256.9 |
        Temple |     74 |     74 |      0 |      0 |     44 |   1 |   74.0 |
               +--------+--------+--------+--------+--------+-----+--------+

Top non-repeatable levels by time:
     D:5: 1926 daAuts
     D:7: 1836 daAuts
     D:8: 1639 daAuts
     D:4: 1392 daAuts
     D:1: 1182 daAuts
     D:3: 1146 daAuts
     D:6: 1002 daAuts
     D:2: 863 daAuts
     D:9: 322 daAuts
  Temple: 74 daAuts
